Map: Ascension to Aiur LE

Players

JagrsMullets - Winner!

  • Race: Zerg Zerg
  • Spawn Location: 5:00

A.I. 1 (Hard)

  • Race: Protoss Protoss
  • Spawn Location: 11:00

VOD

Have the link to the VOD?

Description

Time

  • Played on: Dec. 18, 2017, 3:57 a.m.
  • Length: 16:29
Show
View Real Time Build Order
Export as new Build Order

JagrsMullets Zerg - Winner!

Build Orders: Pool First 

Get SALT Encoding   

  12  0:03  Drone  
  13  0:08  Drone  
  14  0:17  Overlord  
  14  0:38  Spawning Pool  
  14  0:39  Drone  
  14  0:41  Drone  
  15  0:50  Extractor  
  15  0:53  Drone  
  15  0:54  Drone  
  16  1:22  Hatchery  
  15  1:28  Queen  
  17  1:37  Drone x3  
  20  1:53  Drone  
  21  2:01  Drone  
  22  2:21  Overlord  
  22  2:30  Lair  
  22  2:49  Drone x2  
  24  2:51  Spine Crawler  
  24  2:52  Drone x3  
  24  2:53  Drone x2  
  28  3:07  Drone  
  28  3:12  Queen  
  31  3:22  Drone x2  
  31  3:23  Drone  
  34  3:29  Spine Crawler  
  34  3:31  Spine Crawler  
  32  3:36  Spine Crawler  
  32  3:37  Drone  
  32  3:42  Drone x3  
  35  3:50  Spine Crawler  
  35  3:52  Spine Crawler  
  35  3:54  Spine Crawler  
  32  3:56  Drone  
  33  4:04  Drone x3  
  33  4:09  Extractor  
  35  4:11  Extractor  
  35  4:14  Drone  
  35  4:15  Drone  
  35  4:16  Overlord  
  36  4:41  Drone x3  
  39  4:55  Zergling x8  
  39  4:56  Zergling x2  
  44  5:08  Overlord  
  44  5:12  Overlord x4  
  44  5:34  Metabolic Boost  
  44  5:36  Drone x5  
  49  5:51  Evolution Chamber  
  49  5:53  Hydralisk Den  
  47  6:01  Infestation Pit  
  46  6:06  Zergling x10  
  51  6:18  Zergling x6  
  54  6:21  Zergling x2  
  55  6:30  Pneumatized Carapace  
  55  6:34  Muscular Augments  
  55  6:35  Hydralisk  
  55  6:36  Hydralisk x3  
  55  6:39  Hydralisk x3  
  63  6:40  Hydralisk  
  66  7:34  Hydralisk x5  
  76  7:40  Overlord x2  
  76  7:41  Overlord x3  
  76  7:48  Hive  
  76  8:32  Hatchery  
  75  8:41  Drone x3  
  78  8:42  Drone x3  
  81  8:51  Hydralisk x4  
  81  8:52  Hydralisk x2  
  93  9:12  Zerg Melee Weapons Level 1  
  93  9:15  Adrenal Glands  
  93  9:29  Evolution Chamber  
  92  9:33  Spire  
  91  9:43  Hydralisk x2  
  91  9:44  Hydralisk x2, Ultralisk Cavern  
  98  9:46  Hydralisk  
  100  9:55  Drone x2  
  102  10:03  Extractor  
  102  10:06  Drone  
  102  10:07  Extractor  
  102  10:09  Queen  
  103  10:19  Zergling x6  
  106  10:32  Spine Crawler x2  
  106  10:33  Drone x2  
  106  10:39  Spine Crawler  
  105  10:51  Spine Crawler  
  104  11:07  Zerg Missile Weapons Level 1  
  104  11:15  Zergling x6  
  104  11:16  Zergling x4  
  105  11:46  Ultralisk x2  
  117  11:50  Overlord x5  
  117  11:51  Overlord x2  
  117  11:54  Zergling x2  
  117  11:58  Mutalisk x2  
  122  12:13  Mutalisk  
  122  12:14  Mutalisk x5  
  134  12:21  Mutalisk  
  134  12:22  Mutalisk x2  
  140  12:41  Mutalisk  
  140  12:42  Mutalisk  
  144  13:01  Zerg Ground Armor Level 1  
  144  13:16  Mutalisk x2  
  144  13:17  Mutalisk x4  
  156  13:24  Zergling x8  
  156  13:25  Zergling x2  
  161  13:29  Overlord x3  
  161  13:33  Zergling x12  
  167  14:04  Zergling x4  
  167  14:05  Zergling x2  
  167  14:07  Zergling x4  
  167  14:08  Zergling x2  
  173  14:11  Zergling x6  
  176  14:21  Zerg Flyer Weapons Level 1  
  176  14:39  Zergling x4  
  176  14:42  Zergling x4  
  176  14:43  Zergling x2  
  143  16:02  Hydralisk  
  143  16:03  Hydralisk x3  
  154  16:27  Hatchery  
Show
View Real Time Build Order
Export as new Build Order

A.I. 1 (Hard) Protoss 

Build Orders:  

Get SALT Encoding   

  12  0:00  Probe  
  13  0:13  Probe  
  14  0:19  Pylon  
  14  0:25  Probe  
  15  0:37  Probe  
  16  0:47  Assimilator  
  17  0:50  Probe  
  17  0:51  Gateway  
  17  1:01  Pylon  
  17  1:02  Probe  
  18  1:14  Probe  
  19  1:26  Probe  
  20  1:39  Zealot  
  22  1:42  Cybernetics Core  
  22  1:45  Gateway  
  22  1:49  Assimilator  
  22  2:05  Pylon  
  22  2:19  Stalker  
  24  2:25  Warp Gate  
  24  2:33  Zealot  
  26  2:46  Pylon  
  26  2:49  Stalker  
  28  3:01  Stalker  
  30  3:14  Probe  
  30  3:18  Stalker  
  33  3:22  Pylon  
  33  3:26  Probe  
  34  3:32  Adept  
  36  3:38  Probe  
  37  3:45  Forge  
  37  3:48  Stalker  
  37  3:50  Probe  
  40  3:59  Stalker  
  40  4:02  Probe  
  43  4:14  Probe  
  44  4:19  Adept  
  46  6:20  Sentry  
  46  6:21  Protoss Ground Weapons Level 1  
  46  6:22  Gateway  
  46  6:24  Robotics Facility  
  48  6:27  Twilight Council, Nexus  
  48  6:30  Sentry  
  48  6:31  Pylon  
  50  6:33  Photon Cannon  
  50  6:35  Photon Cannon  
  50  6:39  Forge  
  50  6:43  Sentry  
  52  6:53  Stargate, Sentry  
  54  7:04  Blink  
  54  7:07  Adept  
  54  7:11  Observer, Protoss Ground Armor Level 1  
  37  7:17  Zealot  
  39  7:27  Stalker  
  41  7:32  Observer  
  42  7:37  Adept  
  42  7:40  Probe  
  42  7:41  Probe  
  46  7:47  Zealot  
  46  7:48  Pylon  
  46  7:50  Pylon  
  48  7:52  Probe  
  48  7:53  Assimilator, Probe  
  48  7:56  Assimilator  
  48  7:57  Stalker  
  52  8:04  Probe  
  52  8:05  Probe  
  54  8:07  Stalker  
  56  8:13  Photon Cannon  
  56  8:16  Probe  
  56  8:18  Stalker, Photon Cannon, Probe  
  60  8:28  Stalker, Probe  
  60  8:30  Probe  
  64  8:38  Stalker  
  64  8:40  Probe  
  67  8:42  Probe  
  68  8:52  Probe  
  68  8:54  Probe  
  70  9:04  Probe  
  70  9:06  Probe  
  72  9:16  Probe  
  73  9:18  Probe  
  74  9:28  Probe  
  75  10:48  Void Ray, Warp Prism  
  81  10:50  Protoss Air Weapons Level 1  
  81  10:53  Robotics Facility  
  81  10:58  Stargate, Nexus  
  81  11:01  Pylon  
  81  11:08  Fleet Beacon  
  81  11:23  Warp Prism  
  75  11:26  Pylon  
  75  11:31  Void Ray  
  59  11:40  Observer  
  59  11:41  Phoenix  
  62  11:59  Warp Prism  
  64  12:06  Void Ray  
  68  12:12  Probe  
  68  12:13  Probe  
  68  12:15  Probe  
  71  12:16  Carrier  
  71  12:21  Assimilator  
  71  12:22  Graviton Catapult  
  77  12:24  Pylon, Probe  
  77  12:25  Pylon  
  77  12:27  Assimilator, Probe  
  77  12:28  Probe  
  80  12:36  Probe  
  81  12:39  Probe  
  81  12:41  Probe  
  83  12:44  Protoss Air Armor Level 1  
  83  12:48  Robotics Bay, Probe  
  83  12:49  Carrier  
  83  12:51  Stargate, Probe  
  91  12:53  Probe  
  92  13:00  Probe  
  92  13:03  Probe  
  92  13:05  Probe  
  95  13:13  Protoss Shields Level 1  
  95  13:34  Carrier  
  95  13:35  Observer Gravitic Boosters  
  101  14:46  Tempest  
  107  14:53  Pylon  
  107  14:56  Tempest  
  115  15:13  Pylon  
  115  15:19  Stalker  
  114  15:22  Zealot  
  114  15:26  Stalker, Probe  
  108  15:29  Void Ray, Probe  
  108  15:30  Probe  
  96  15:40  Phoenix  
  96  15:41  Probe  
  88  15:42  Probe  
  88  15:43  Warp Prism, Zealot  
  88  15:47  Nexus  
  86  15:53  Probe  
  86  15:55  Probe  
  59  16:05  Probe  
  59  16:10  Probe  
Tags
 
Add a new tag
Caveats
  • Supply blocks, unpowered buildings, or Contaminate may cause inaccurate times.
  • Supply counts are checked every 10 seconds.